cohdb
Replays
Latest Replays
All Replays
Popular Replays
Top Player Replays
Match Explorer
How It Works
Community
CoH3 Stats
Reddit
Sign in to upload your games and track your stats! →
Sign in with Steam
Match 36584519
Unlisted
Match 36584519
Overview
Messages
Build Orders
End
Pioneer Squad
Construct Infanterie Kompanie
Grenadier Squad
Grenadier Squad
Grenadier Squad
Construct Luftwaffe Kompanie
221 Scout Car
221 Scout Car
Jäger Squad
Selects Mechanized Battlegroup
Selects Mechanized Battlegroup
Selects Mobile Repair Stations
Selects Wespe Self-propelled Artillery
Wespe Self-propelled Artillery
Medical Station
Wespe Self-propelled Artillery
221 Scout Car
Jäger Squad
irbo84
Cpt. Colter Stevens
MrZob
vincent
[PD]PragerSchinken
HAK
穆默MJ
Ultraman Taro
0
0
Comments
sign in to comment!
No comments posted yet!